 Dungeon Crawl Stone Soup version 0.17-a0-1646-geb1493d (webtiles) character file.

2540 Tobbichi the Cleaver (level 9, 0/68 HPs)
             Began as a Demonspawn Berserker on Aug 9, 2015.
             Was an Elder of Trog.
             Succumbed to a killer bee's poison
             ... while paralysed
             ... on level 7 of the Dungeon.
             The game lasted 00:20:03 (6590 turns).

Tobbichi the Cleaver (Demonspawn Berserker)         Turns: 6590, Time: 00:20:03

Health: 0/68       AC: 11    Str: 20    XL:     9   Next: 30%
Magic:  18/18      EV:  2    Int:  9    God:    Trog [****..]
Gold:   336        SH:  0    Dex: 17    Spells: 0 memorised, 8 levels left

rFire  . . .     SeeInvis .     C - +0 war axe (drain)
rCold  . . .     Clarity  .     D - +0 chain mail
rNeg   + . .     SustAt   .     (no shield)
rPois  .         Gourm    .     y - +0 helmet
rElec  .         Spirit   .     (no cloak)
rCorr  .         Warding  .     v - +0 pair of gloves
rMut   .         Stasis   .     (no boots)
MR     +....                    (no amulet)
Stlth  ..........               x - ring of positive energy
                                i - ring of magical power

@: paralysed, lethally poisoned (0 -> -10), exhausted, slowed, somewhat
resistant to hostile enchantments, extremely unstealthy
A: talons 2, thin skeletal structure 2, magic resistance 1, powered by death 1,
evolution 2
a: Burn Spellbooks, Berserk, Trog's Hand, Brothers in Arms, Renounce Religion


You were on level 7 of the Dungeon.
You worshipped Trog.
Trog was greatly pleased with you.
You were near starving.

You visited 1 branch of the dungeon, and saw 7 of its levels.
You visited the Abyss 1 time.

You collected 336 gold pieces.

Inventory:

Hand weapons
 a - a +0 hand axe
 C - a +0 war axe of draining (weapon)
Armour
 b - a +0 animal skin
 j - a +0 ring mail
 v - a +0 pair of gloves (worn)
 w - a +3 leather armour
 y - a +0 helmet (worn)
 D - a +0 chain mail (worn)
Rods
 G - a cursed +0 iron rod (14/14)
   (You found it on level 7 of the Dungeon)
Jewellery
 i - a ring of magical power (left hand)
 x - a ring of positive energy (right hand)
Scrolls
 e - a scroll of random uselessness
 g - a scroll of magic mapping
 h - a scroll of recharging
 p - a scroll of noise
 q - 2 scrolls of teleportation
 t - 6 scrolls of remove curse
 u - 3 scrolls of amnesia
 z - 2 scrolls of immolation
 F - a scroll of identify
Potions
 f - a potion of cancellation {unknown}
 k - 2 potions of haste
 l - a potion of lignification
 m - 6 potions of curing
 n - a potion of magic
 o - 4 potions of flight
 s - a potion of agility
 A - a potion of heal wounds
Comestibles
 c - 4 bread rations
 d - a royal jelly
 r - a slice of pizza
 B - 3 beef jerkies
 E - a meat ration


   Skills:
 + Level 5.0 Fighting
 - Level 10.1 Axes
 + Level 3.9 Armour
 + Level 3.9 Dodging


You had 8 spell levels left.
You didn't know any spells.

Dungeon Overview and Level Annotations

Branches:
Dungeon (7/15)             Temple (0/1) D:5

Altars:
Gozag
Makhleb
Nemelex Xobeh
Qazlal
Vehumet
The Shining One

Shops:
D:7 *

Annotations:
D:4 urechis's ghost, average GrWz
Abyss:1 Grinder


Innate Abilities, Weirdness & Mutations

You have razor-sharp toenails.
You have a moderately thin skeletal structure (Dex +4, Stealth+).
You regenerate a little health from kills.
You are resistant to hostile enchantments.
You rapidly evolve.


Message History

Trog accepts your kill.
* * * LOW HITPOINT WARNING * * *
You feel sick.
* * * LOW HITPOINT WARNING * * *
You feel sick.
You see here 2 arrows.
You are too berserk!
You are too berserk!
You are too berserk!
There is a lethal amount of poison in your body!
There is a lethal amount of poison in your body!
There is a lethal amount of poison in your body!
There is a lethal amount of poison in your body!
There is a lethal amount of poison in your body!
You feel a strong urge to attack something.
You are no longer berserk.
You pass out from exhaustion.
You feel yourself slow down.
You are near starving!
You die...

###### # #..... .# #..... . #
.#.(... .. ....... .# ####
....... ######## .#.....
.......######......###### .#.....
......)†@((.............. ....(
...##########......###### .#.####
#.#### #......# ......# #....#
#############
#..##.#####.##.###########......#
#.>.............................#
..###.#####.#..#.#########......#
#.....# #.#..# #...# #......#
#.##### #.# .# #...# #......#


There were no monsters in sight!

Vanquished Creatures
  The ghost of Chiseanne the Skirmisher, an experienced DsFi (D:6)
  Duvessa (D:4)
  2 ice beasts (D:7)
  2 centaurs
  3 giant frogs
  Dowan (D:4)
  A scorpion (D:6)
  8 killer bees
  A centaur zombie (D:5)
  2 orc priests
  2 crimson imps (D:6)
  An iguana (D:4)
  An iron imp (Abyss:1)
  3 orc wizards
  A gnoll shaman (D:7)
  A centaur skeleton (D:7)
  5 worker ants
  A hound skeleton (D:4)
  A worker ant zombie (D:5)
  Robin (D:4)
  10 adders
  6 gnolls (D:7)
  2 oozes
  An adder skeleton (D:5)
  An adder zombie (D:7)
  6 worms
  2 giant geckos
  16 orcs
  4 ball pythons
  8 giant cockroaches
  16 goblins
  8 hobgoblins
  4 jackals
  3 quokkas
  9 bats
  3 giant newts
  6 kobolds
  A quokka skeleton (D:4)
  10 rats
155 creatures vanquished.

Vanquished Creatures (others)
  A fire giant simulacrum (Abyss:1)
  A giant frog (D:6)
  A hound (D:4)
  A giant gecko (D:6)
  An orc (D:5)
5 creatures vanquished.

Grand Total: 160 creatures vanquished

Notes
Turn   | Place    | Note
--------------------------------------------------------------
     0 | D:1      | Tobbichi the Demonspawn Berserker began the quest for the Orb.
     0 | D:1      | Reached XP level 1. HP: 18/18 MP: 1/1
   250 | D:1      | Gained mutation: You have sharp toenails. [demonic ancestry]
   250 | D:1      | Reached XP level 2. HP: 21/24 MP: 2/2
   467 | D:1      | Acquired Trog's second power
   850 | D:2      | Gained mutation: You regenerate a little health from kills. [demonic ancestry]
   850 | D:2      | Reached XP level 3. HP: 22/29 MP: 3/3
   872 | D:2      | Reached skill level 4 in Axes
   916 | D:2      | Found a faded altar to an unknown god.
  1057 | D:2      | Reached XP level 4. HP: 26/35 MP: 4/4
  1146 | D:2      | Found a sparkling altar of Nemelex Xobeh.
  1315 | D:2      | Found a radiant altar of Vehumet.
  1584 | D:2      | Reached skill level 5 in Axes
  1653 | D:3      | Found a stormy altar of Qazlal.
  1831 | D:3      | Noticed a giant frog
  1844 | D:3      | Killed a giant frog
  1844 | D:3      | Reached XP level 5. HP: 25/41 MP: 5/5
  1891 | D:3      | Reached skill level 6 in Axes
  2271 | D:3      | Gained mutation: You have a somewhat thin skeletal structure (Dex +2, Stealth). [demonic ancestry]
  2271 | D:3      | Reached XP level 6. HP: 45/47 MP: 6/6
  2577 | D:4      | Noticed Duvessa
  2583 | D:4      | Noticed Dowan
  2590 | D:4      | Killed Duvessa
  2593 | D:4      | Killed Dowan
  2593 | D:4      | Reached skill level 7 in Axes
  2666 | D:4      | Noticed Robin
  2698 | D:4      | Killed Robin
  2722 | D:4      | Found a glowing golden altar of the Shining One.
  2777 | D:4      | Noticed urechis's ghost (average GrWz)
  2959 | D:4      | Cast into the Abyss (orc)
  2999 | Abyss:1  | Reached XP level 7. HP: 35/52 MP: 7/7
  3038 | Abyss:1  | Killed a fire giant simulacrum
  3126 | Abyss:1  | Noticed a large abomination
  3129 | Abyss:1  | Noticed a starcursed mass
  3147 | Abyss:1  | Noticed a spatial vortex
  3147 | Abyss:1  | Noticed a spatial vortex
  3147 | Abyss:1  | Noticed a spatial vortex
  3147 | Abyss:1  | Noticed a spatial vortex
  3152 | D:4      | Escaped the Abyss
  3400 | D:4      | Found an opulent altar of Gozag.
  3801 | D:5      | Entered Level 5 of the Dungeon
  3833 | D:5      | Noticed Grinder
  3840 | D:5      | Banished Grinder
  3840 | D:5      | Reached skill level 8 in Axes
  3887 | D:5      | Found a staircase to the Ecumenical Temple.
  3890 | D:5      | Acquired Trog's third power
  3922 | D:5      | Reached skill level 9 in Axes
  3922 | D:5      | Gained mutation: You have a moderately thin skeletal structure (Dex +4, Stealth+). [demonic ancestry]
  3922 | D:5      | Reached XP level 8. HP: 24/58 MP: 8/8
  5368 | D:6      | Noticed Chiseanne's ghost (experienced DsFi)
  5384 | D:6      | Reached skill level 10 in Axes
  5826 | D:6      | Killed Chiseanne's ghost
  5826 | D:6      | Gained mutation: You have razor-sharp toenails. [demonic ancestry]
  5826 | D:6      | Reached XP level 9. HP: 35/65 MP: 9/9
  6087 | D:6      | Gained mutation: You evolve. [potion of mutation]
  6087 | D:6      | Gained mutation: You rapidly evolve. [potion of mutation]
  6087 | D:6      | Gained mutation: You are resistant to hostile enchantments. [potion of mutation]
  6408 | D:7      | Found a burning altar of Makhleb.
  6415 | D:7      | Noticed a cacodemon
  6419 | D:7      | Noticed an orange demon
  6441 | D:7      | Found Ciry's Assorted Antiques.
  6585 | D:7      | Reached skill level 5 in Fighting
  6586 | D:7      | HP: 4/102 [centaur (3)]
  6589 | D:7      | HP: 1/102 [poisoned by a killer bee]
  6590 | D:7      | Succumbed to a killer bee's poison

Vault maps used:
D:1:      matt_arrival_spirals
D:2:      lemuel_doored_altar, vehumet_crystals, ecumenical_altar_2,
          minmay_cupped
D:3:      nicolae_overflow_hidden_temple
D:4:      tso_metal_star, lemuel_coloured_pillars_altar,
          hangedman_minor_gate_pass, uniq_robin, uniq_duvessa
D:5:      minmay_temple_entry_junction, first_bread, uniq_grinder
D:7:      basic_altar, serial_shops, nicolae_shop_overgrown_old_shop,
          makhleb_altar_promises_db
Abyss:1:  evilmike_abyss_exit_vortex

Action                   |  1- 3 |  4- 6 |  7- 9 || total
-------------------------+-------+-------+-------++-------
Melee: Hand axe          |   127 |   214 |    10 ||   351
       War axe           |       |       |   207 ||   207
Invok: Berserk           |       |     4 |     4 ||     8
       Trog's Hand       |       |       |     1 ||     1
  Use: Scroll            |       |       |    20 ||    20
       Potion            |       |       |     1 ||     1
 Stab: Sleeping          |       |       |     1 ||     1
  Eat: Chunk             |       |     7 |     9 ||    16
       Bread ration      |       |     1 |     1 ||     2
